 Dungeon Crawl Stone Soup version 0.25.0-11-g1f837a76a1 (webtiles) character file.

Game seed: 5075989827794617265

149 FabianWz the Conjurer (level 5, 0/29 HPs)
             Began as a Deep Elf Conjurer on June 24, 2020.
             Slain by a centaur (7 damage)
             ... on level 5 of the Dungeon.
             The game lasted 00:12:44 (3020 turns).

FabianWz the Conjurer (Deep Elf Conjurer)           Turns: 3020, Time: 00:12:45

Health: 0/29       AC:  4    Str:  6    XL:     5   Next: 9%
Magic:  10/13      EV: 13    Int: 22    God:
Gold:   169        SH:  0    Dex: 15    Spells: 5/12 levels left

rFire    . . .     SeeInvis .   j - +0 dagger
rCold    . . .     Gourm    .   (no shield)
rNeg     . . .     Faith    .   a - +0 robe
rPois    .         Spirit   .   (no helmet)
rElec    .         Reflect  .   (no cloak)
rCorr    .         Harm     .   (no gloves)
MR       .....                  (no boots)
Stlth    ++........             (no amulet)
HPRegen  0.09/turn              (no ring)
MPRegen  0.13/turn              (no ring)

@: no status effects
A: hooves 1, iridescent scales 1, clever 1
a: no special abilities


You were on level 5 of the Dungeon.
You were not hungry.

You visited 1 branch of the dungeon, and saw 5 of its levels.

You collected 169 gold pieces.

Inventory:

Hand Weapons
 j - a +0 dagger (weapon)
Armour
 a - a +0 robe (worn)
Wands
 q - a wand of digging (4)
Scrolls
 e - 3 scrolls of amnesia {unknown}
 h - 2 scrolls of fear {unknown}
 i - a scroll of remove curse {unknown}
 k - a scroll of noise {unknown}
 m - a scroll of teleportation {unknown}
 o - 2 scrolls of random uselessness {unknown}
Potions
 d - 2 potions of heal wounds
 f - a potion of berserk rage {unknown}
 g - a potion of lignification {unknown}
 l - a potion of might {unknown}
 n - a potion of resistance {unknown}
 p - a potion of degeneration {unknown}
Comestibles
 b - a chunk of flesh
 c - 9 rations


   Skills:
 + Level 1.0 Fighting
 + Level 0.9 Short Blades
 + Level 3.3 Dodging
 - Level 2.4 Stealth
 * Level 4.4 Spellcasting
 * Level 5.2 Conjurations
 * Level 1.3 Hexes
 * Level 1.2 Evocations


You had 5 spell levels left.
You knew the following spells:

 Your Spells              Type           Power        Failure   Level  Hunger
a - Magic Dart            Conj           ####         1%          1    None
b - Searing Ray           Conj           ####..       1%          2    #......
c - Fulminant Prism       Conj/Hex       ###.......   28%         4    ####...

Your spell library contained the following spells:

 Spells                   Type           Power        Failure   Level  Hunger
 Dazzling Flash           Conj/Hex       ###...       9%          3    ##.....
 Iskenderun's Mystic Bla  Conj/Tloc      ###.....     36%         4    ####...


Dungeon Overview and Level Annotations

Branches:
Dungeon (4/15)
 Temple: D:4-7

Altars:
Dithmenos
Zin


Innate Abilities, Weirdness & Mutations

You have large cloven feet.
You are partially covered in iridescent scales. (AC +2)
Your mind is acute. (Int +2)


Message History

The centaur shoots an arrow.
The arrow hits you!
The centaur shoots an arrow.
The arrow completely misses you.
Casting: Magic Dart (safe; 1% risk of failure)
Confirm with . or Enter, or press ? or * to list all spells.
You don't know that spell.
You see here an arrow.
Casting: Magic Dart (safe; 1% risk of failure)
Confirm with . or Enter, or press ? or * to list all spells.
Aiming: Searing Ray (safe; 1% risk of failure)
Press: ? - help, Shift-Dir - straight line, f - centaur
Aim: a centaur, wielding a +0 shortbow and quivering 14 arrows The searing ray hits the centaur.
The centaur is lightly wounded. (Press . to maintain the ray.)
The centaur unwields a +0 shortbow.
The centaur hits you.
* * * LOW HITPOINT WARNING * * *
The searing ray hits the centaur.
The centaur is heavily wounded.
The centaur hits you!
You die...

##.... #.....# .#
#.....##.#####
#..............
#..............
#.....##.......
#.....c......
#########.##@# c.#
#.........##.##...#..
#.#######.......W....
###.#####
####.####.#.#
#.....รท.# (..#
#.....#.# ###.#
#.....#.# #.#
#....)#.# #.#
#........# ..#


You could see a centaur.

Vanquished Creatures
  A centaur zombie (D:5)
  An orc priest (D:3)
  An ooze (D:5)
  3 worms
  4 dart slugs
  2 leopard geckos (D:1)
  4 orcs
  A ball python (D:2)
  7 giant cockroaches
  5 goblins
  5 hobgoblins
  3 jackals (D:3)
  6 quokkas
  4 bats
  4 frilled lizards
  3 kobolds (D:2)
  9 rats
63 creatures vanquished.

Vanquished Creatures (others)
  A fulminant prism (D:3)
  A plant (D:2)
2 creatures vanquished.

Grand Total: 65 creatures vanquished

Notes
Turn   | Place    | Note
-------+----------+-------------------------------------------
     0 | D:1      | FabianWz the Deep Elf Conjurer began the quest for the Orb.
     0 | D:1      | Reached XP level 1. HP: 10/10 MP: 6/6
   127 | D:1      | Reached XP level 2. HP: 15/15 MP: 5/8
   135 | D:1      | Learned a level 2 spell: Searing Ray
   732 | D:2      | Found a shadowy altar of Dithmenos.
   744 | D:2      | Reached XP level 3. HP: 12/20 MP: 1/10
  1186 | D:2      | Found a glowing silver altar of Zin.
  1329 | D:2      | Gained mutation: You have large cloven feet. [potion of
                  | mutation]
  1329 | D:2      | Gained mutation: You are partially covered in iridescent
                  | scales. (AC +2) [potion of mutation]
  1329 | D:2      | Gained mutation: Your mind is acute. (Int +2) [potion of
                  | mutation]
  2172 | D:3      | Reached skill level 5 in Conjurations
  2175 | D:3      | Reached XP level 4. HP: 24/24 MP: 4/12
  2252 | D:3      | Learned a level 4 spell: Fulminant Prism
  2483 | D:3      | Reached skill level 1 in Evocations
  2488 | D:3      | Reached skill level 1 in Fighting
  2849 | D:4      | You fall into a shaft and drop 1 floor!
  2849 | D:5      | Entered Level 5 of the Dungeon
  2854 | D:5      | Reached skill level 1 in Hexes
  2854 | D:5      | Reached XP level 5. HP: 18/29 MP: 6/13
  3012 | D:5      | Noticed a centaur
  3014 | D:5      | Noticed a phantom
  3020 | D:5      | Slain by a centaur

Illustrated notes

Levels and vault maps discovered:
D:1:      saegor_arrival_simple_a, layout_rooms
D:2:      wad_woods_stonehenge, layout_basic, nicolae_overflow_crystal_walls,
          serial_bayou_pond_a
D:3:      layout_rooms, minmay_starry_boxes
D:4:      layout_cave_pools, grunt_temple_overflow_open, first_ration,
          solitary_fountain, minivault_5, hangedman_decor_push,
          grunt_ministairs_4, nicolae_ashenzari_panopticon
D:5:      layout_loops_cross, xom_teletrap_fun, minmay_temple_entry_waves

Skill      XL: |  1  2  3  4 |
---------------+-------------+-----
Dodging        | 3 |  3.3
Spellcasting   | 4 |  4.4
Conjurations   | 5 |  5.2
Evocations     | 1 |  1.2
Fighting       | 1 |  1.0
Hexes          | 1 |  1.3
Short Blades   | |  0.9
Stealth        | |  2.4

Action                   |  1- 3 |  4- 6 || total
-------------------------+-------+-------++-------
Melee: Dagger            |    43 |       ||    43
       Kick              |     1 |       ||     1
 Cast: Magic Dart        |    80 |    29 ||   109
       Searing Ray       |     5 |     6 ||    11
       Fulminant Prism   |       |     1 ||     1
  Use: Scroll            |     3 |       ||     3
       Potion            |     2 |       ||     2
 Stab: Sleeping          |     1 |       ||     1
  Eat: Chunk             |     2 |     1 ||     3
       Ration            |     1 |       ||     1
Armor: Robe              |     6 |     1 ||     7
Dodge: Dodged            |    17 |     4 ||    21
